 Dungeon Crawl Stone Soup version 0.31-a0-632-g766dd24fdf (webtiles) character file.

Game seed: 9912695771451235613

119 arthad the Grasshopper (level 4, -3/39 HPs)
             Began as an Armataur Warper on Aug 26, 2023.
             Splashed by a jelly's acid (8 damage)
             ... on level 4 of the Dungeon.
             The game lasted 00:03:39 (2634 turns).

arthad the Grasshopper (Armataur Warper)            Turns: 2634, Time: 00:03:40

Health: -3/39      AC: -11   Str: 19    XL:     4   Next: 74%
Magic:  7/7        EV:  8    Int: 13    God:
Gold:   147        SH:  6    Dex:  9    Spells: 0/7 levels left

rFire   + . .        a - +0 mace
rCold   + . .        n - +0 kite shield
rNeg    . . .        b - +0 leather armour
rPois   .            (no helmet)
rElec   .            p - scarf {rC+ rF+}
rCorr   .            (no gloves)
SInv    .            (no barding)
Will    .....        (no amulet)
Stlth   +            (no ring)
HPRegen 0.26/turn    (no ring)
MPRegen 0.10/turn

%: roll
@: corroded
A: large, rugged brown scales 3, deformed body, armoured tail, roll, long
tongue, awkward tongue
a: no special abilities


You were on level 4 of the Dungeon.
You visited 1 branch of the dungeon, and saw 4 of its levels.

You collected 147 gold pieces.

Inventory:

Hand Weapons
 a - a +0 mace (weapon)
 q - a +1 hand axe of electrocution
Missiles
 d - 5 darts of dispersal (quivered)
Armour
 b - a +0 leather armour (worn)
 n - a +0 kite shield (worn)
 p - a scarf of resistance (worn)
Scrolls
 c - a scroll of blinking
 e - 4 scrolls of teleportation {unknown}
 g - 2 scrolls of enchant weapon {unknown}
 h - a scroll of immolation {unknown}
 i - 2 scrolls of amnesia {unknown}
 m - a scroll of torment {unknown}
 o - a scroll of butterflies {unknown}
 t - a scroll of revelation {unknown}
Potions
 f - 3 potions of curing
 j - a potion of invisibility {unknown}
 k - a potion of berserk rage {unknown}
 l - 3 potions of enlightenment {unknown}
 r - 2 potions of degeneration {unknown}
 s - a potion of brilliance {unknown}


   Skills:
 + Level 2.3 Fighting
 + Level 2.3 Maces & Flails
 + Level 1.6 Throwing
 + Level 2.2 Armour
 + Level 1.9 Dodging
 + Level 0.5 Shields
 + Level 2.2 Spellcasting
 + Level 3.4 Translocations


You couldn't memorise any spells.
You knew the following spells:

 Your Spells              Type           Power      Damage    Failure   Level
a - Blink                 Tloc           20%        N/A       32%         2
b - Lesser Beckoning      Tloc           20%        N/A       32%         2
c - Teleport Other        Tloc           10%        N/A       54%         3

Your spell library contained the following spells:

 Spells                   Type           Power      Damage    Failure   Level
 Magic Dart               Conj           4%         1d3       65%         1
 Vhi's Electric Charge    Tloc/Air       10%        N/A       77%         3
 Searing Ray              Conj           2%         2d4       78%         2
 Manifold Assault         Tloc           10%        N/A       91%         4
 Fulminant Prism          Conj/Hex       0%         3d5       100%        4
 Simulacrum               Ice/Necr       0%         N/A       100%        6
 Ozocubu's Refrigeration  Ice            0%         4d7       100%        7
 Polar Vortex             Ice            0%         N/A       100%        9


Dungeon Overview and Level Annotations

Branches:
Dungeon (4/15)
 Temple: D:4-7

Altars:
Elyvilon

Shops:
D:3 [


Innate Abilities, Weirdness & Mutations

You are completely covered in rugged brown scales. (AC +3, +7% HP)
Armour fits poorly on your strangely shaped body.
You have a long armoured tail.
You roll when moving toward enemies. (Rampage)
Your long tongue fully drains potion bottles. (2x potion effects)
Your tongue gives you trouble enunciating. (1.5x scroll delay)


Message History

Cast which spell? (? or * to list)
You blink.
Okay, then.
Throw: 10 darts (disperse)
Press: ? - help, Q - select action, (/) - cycle Shift-Dir - straight line, f - jelly
Aim: a jelly (severely wounded, 87% to hit)
You throw a dart of dispersal. The dart of dispersal hits the jelly.
The jelly blinks!
You start resting.
A jelly is nearby!
Throw: 9 darts (disperse)
Press: ? - help, Q - select action, (/) - cycle Shift-Dir - straight line, f/p - jelly
Aim: a jelly (translocational energy, severely wounded, 87% to hit)
You throw a dart of dispersal. The dart of dispersal hits the jelly.
The jelly blinks!
The jelly is severely wounded.
Throw: 8 darts (disperse)
Press: ? - help, Q - select action, (/) - cycle Shift-Dir - straight line, f/p - jelly
Aim: a jelly (severely wounded, 87% to hit)
You throw a dart of dispersal. The dart of dispersal hits the jelly.
The jelly blinks!
You feel stable enough to blink again.
You start resting.
A jelly is nearby!
Throw: 7 darts (disperse)
Press: ? - help, Q - select action, (/) - cycle Shift-Dir - straight line, f/p - jelly
Aim: a jelly (severely wounded, 87% to hit)
You throw a dart of dispersal. The dart of dispersal hits the jelly.
The jelly blinks!
You aren't carrying any items that you can evoke.
Throw: 6 darts (disperse)
Press: ? - help, Q - select action, (/) - cycle Shift-Dir - straight line, f/p - jelly
Aim: a jelly (severely wounded, 87% to hit)
You throw a dart of dispersal. The dart of dispersal hits the jelly.
The jelly blinks!
The jelly is severely wounded.
The jelly attacks as it pursues you! The jelly hits you.
* * * LOW HITPOINT WARNING * * *
The acid corrodes you!
You are splashed with acid!
You die...

#.. ..## ..#
#..# #.#
#..###..# #.#
#.†...... #.#
#†# #.#####.#
#....)..#
########.#####
#....@J......#
#.#.####.###.# #
#.# #. #.# # #.#
#.# #.#.####.#
#.#.##...###.##
#........).....#
###.##.#########


You could see a jelly.

Vanquished Creatures
  4 adders
  A gnoll (D:3)
  A white imp (D:3)
  3 worms
  A dart slug (D:2)
  An orc (D:3)
  6 ball pythons
  3 endoplasms (D:3)
  2 giant cockroaches (D:2)
  5 goblins
  3 hobgoblins
  3 jackals (D:4)
  5 kobolds
  4 quokkas
  5 bats
  A frilled lizard (D:2)
  7 rats
55 creatures vanquished.

Notes
Turn   | Place    | Note
-------+----------+-------------------------------------------
     0 | D:1      | arthad the Armataur Warper began the quest for the Orb.
     0 | D:1      | Reached XP level 1. HP: 18/18 MP: 3/3
   262 | D:1      | Reached skill level 1 in Throwing
   311 | D:1      | Reached XP level 2. HP: 25/25 MP: 4/4
   859 | D:2      | Reached XP level 3. HP: 25/31 MP: 4/6
  1269 | D:2      | Reached XP level 4. HP: 27/38 MP: 7/7
  1286 | D:2      | Learned a level 2 spell: Blink
  1289 | D:2      | Learned a level 2 spell: Lesser Beckoning
  1293 | D:2      | Learned a level 3 spell: Teleport Other
  1839 | D:3      | Found a white marble altar of Elyvilon.
  2430 | D:3      | Found Ybrish's Antique Armour Boutique.
  2634 | D:4      | Splashed by a jelly's acid

Illustrated notes

Levels and vault maps discovered:
D:1:      minmay_arrival_hallway, layout_basic
D:2:      layout_loops_ring, kennysheep_generic_room_3
D:3:      minmay_diamond_boxcup, layout_basic, mainiacjoe_overflow_alcove_4,
          serial_shops, shop
D:4:      layout_loops_ring, pdpol_wu_jian_five_deadly_venoms,
          ebering_ghost_rock_garden, minmay_misc_feat_room

Skill      XL: |  1  2  3 |
---------------+----------+-----
Throwing       | 1 |  1.6
Maces & Flails | 2 |  2.3
Fighting       | 2 |  2.3
Spellcasting   | 2 |  2.2
Armour         | 2 |  2.2
Dodging        | |  1.9
Shields        | |  0.5
Translocations | |  3.4

Action                     |  1- 3 |  4- 6 || total
---------------------------+-------+-------++-------
  Melee: Mace              |   105 |    73 ||   178
         Tailslap          |    11 |     4 ||    15
  Throw: Dart              |       |     5 ||     5
   Cast: Blink             |       |     1 ||     1
    Use: Potion            |     1 |       ||     1
   Stab: Sleeping          |       |     1 ||     1
 Armour: Leather armour    |    49 |    28 ||    77
  Dodge: Dodged            |    68 |    28 ||    96
  Block: Kite shield       |       |    22 ||    22

Table legend: (Time is in decaauts)
 A = Elapsed time spent in this place.
 B = Non-inter-level travel time spent in this place.
 C = Inter-level travel time spent in this place.
 D = Time resting spent in this place.
 E = Time spent auto-exploring this place.
 F = Levels seen in this place.
 G = Mean time per level.
                   A        B        C        D        E       F      G
               +--------+--------+--------+--------+--------+-----+--------+
         Total |   2697 |   2595 |    102 |      9 |   2171 |   4 |  674.2 |
       Dungeon |   2697 |   2595 |    102 |      9 |   2171 |   4 |  674.2 |
               +--------+--------+--------+--------+--------+-----+--------+

Top non-repeatable levels by time:
     D:3: 994 daAuts
     D:2: 867 daAuts
     D:1: 762 daAuts
     D:4: 72 daAuts
